cohdb
Replays
Latest Replays
All Replays
Popular Replays
Top Player Replays
Match Explorer
How It Works
Community
CoH3 Stats
Reddit
Sign in to upload your games and track your stats! →
Sign in with Steam
Match 41388768
Unlisted
Match 41388768
Overview
Messages
Build Orders
End
Construct Barracks
1⁄4-ton 4x4 Truck
Riflemen Squad
Riflemen Squad
Riflemen Squad
Construct Medical Station
Riflemen Squad
Mechanized Support Center
Construct Motor Pool
M24 Chaffee Light Tank
Grenade Package
Designate Forward Repair Station
M24 Chaffee Light Tank
M1918 Browning Automatic Rifles
M24 Chaffee Light Tank
Riflemen Squad
M24 Chaffee Light Tank
Selects Airborne Battlegroup
Selects Recon Loiter
Selects Supply Drop
Selects Carpet Bombing Run
Selects Heavy Machine Gun Paradrop
Selects Paratrooper Squad Paradrop
Selects Anti-tank Gun Team Paradrop
Recon Loiter
M24 Chaffee Light Tank
Heavy Machine Gun Paradrop
Carpet Bombing Run
Engineer Squad
M24 Chaffee Light Tank
Esxile
Jelly Bean
saephy
Hanwoomul
0
0
Comments
sign in to comment!
No comments posted yet!